[Event "Early-Titled-Tuesday-Blitz-October-10-2023"]
[Site "Chess.com"]
[Date "2023.10.10"]
[Round "10"]
[White "SlavenPastar"]
[Black "Xqswdc"]
[Result "1-0"]
[WhiteElo "2541"]
[BlackElo "2329"]
[TimeControl "180+1"]
[EndTime "9:54:37 PDT"]
[Termination "SlavenPastar won by resignation"]

1. b3 g6 2. Bb2 Nf6 3. Nf3 Bg7 4. g3 O-O 5. Bg2 d5 6. O-O c5 7. d4 Ne4 8. Qc1 cxd4 9. Nxd4 e5 10. Nf3 Nc6 11.
Nbd2 h5 12. Nxe4 dxe4 13. Nh4 Bf6 14. Bxe4 Bxh4 15. gxh4 Qxh4 16. Qe3 Bh3 17. Rfd1 Qg4+ 18. Kh1 Rad8 19. Rg1 Qe6 20. Qh6 Bf5 21. Bf3 Nd4 22.
Bxh5 Nxc2 23. f3 Rd6 24. e4 Bh3 25. Rac1 Rc8 26. Qg5 Rc5 27. b4 Rc4 28. Bxe5 Rd3 29. Bxg6 fxg6 30. Qh6 Kf7 31. Qg7+ Ke8 32. Rxg6 Qf7 33.
Qh8+ Kd7 34. Rg7 Rxf3 35. Rxf7+ Rxf7 36. Qxh3+ Ke7 37. Qh4+ Ke6 38. Bg3 Ne3 39. Qh6+ Rf6 40. Qxe3 Rxb4 41. e5 Rg6 42. Qd3 Rb6 43. Qxg6+ Kd5 44.
Qd3+ Ke6 45. Qg6+ Ke7 46. Qxb6 axb6 47. Rb1 Ke6 48. Rxb6+ Kd5 49. Rxb7 Ke4 50. Rb2 1-0

[Event "Early-Titled-Tuesday-Blitz-October-10-2023"]
[Site "Chess.com"]
[Date "2023.10.10"]
[Round "10"]
[White "Beca95"]
[Black "Korchmar_Vasiliy"]
[Result "0-1"]
[WhiteElo "2875"]
[BlackElo "2760"]
[TimeControl "180+1"]
[EndTime "9:54:39 PDT"]
[Termination "Korchmar_Vasiliy won on time"]

1. e4 c5 2. Nf3 d6 3. d4 cxd4 4.
Nxd4 Nf6 5. Nc3 Nc6 6. Bc4 Qb6 7. Ndb5 a6 8. Be3 Qa5 9. Nd4 e6 10. O-O Be7 11. a3 Qc7 12. Ba2 O-O 13. f4 Nxd4 14.
Qxd4 Ng4 15. Qb6 Qb8 16. Bd4 Bd8 17. Qb3 b5 18. h3 Nf6 19. Kh1 Bb7 20. Rae1 Bc6 21.
Bxf6 Bxf6 22. f5 Bd7 23. Nd1 Be5 24. Qf3 Qd8 25. Qg4 exf5 26. exf5 Bc6 27. c3 Kh8 28. Ne3 Qb6 29. Bd5 Qb7 30. Qf3 Bxd5 31. Nxd5 a5 32. Rd1 Rab8 33. Qh5 f6 34. Rfe1 Qf7 35. Qf3 Rb7 36.
Re3 Rc8 37. Red3 h6 38. Ne3 b4 39. axb4 axb4 40. Nd5 bxc3 41. bxc3 Rb2 42. R3d2 Qb7 43. Rxb2 Qxb2 44. h4 Qc2 45. Ne3 Qxc3 46. Qe4 Qb3 0-1

[Event "Early-Titled-Tuesday-Blitz-October-10-2023"]
[Site "Chess.com"]
[Date "2023.10.10"]
[Round "10"]
[White "Politov_Pavel"]
[Black "cristiano78"]
[Result "0-1"]
[WhiteElo "2069"]
[BlackElo "2248"]
[TimeControl "180+1"]
[EndTime "9:54:41 PDT"]
[Termination "cristiano78 won by checkmate"]

1. e4 c5 2. Nf3 d6 3. d4 cxd4 4. Nxd4 Nf6 5. Nc3 g6 6. f3 Bg7 7. Be3 O-O 8. Qd2 Nc6 9. O-O-O Bd7 10. Kb1 a5 11. h4 h5 12. Be2 a4 13. a3 Qa5 14.
Rhg1 Rfc8 15. g4 Ne5 16. gxh5 Nxh5 17. f4 Nc4 18. Bxc4 Rxc4 19. Nd5 Qxd2 20. Rxd2 e5 21. fxe5 dxe5 22. Nf3 Rxe4 23. Ng5 Rxe3 24. Nxe3 Bc6 25. Nc4 f5 26. Re1 e4 27. Nb6 Re8 28. Kc1 f4 29.
Nxe4 Bxe4 30. Rde2 Ng3 31. Rf2 Bd4 32. Rxf4 Bxb6 33.
Rg4 Bc7 34. Kd2 Kh7 35. h5 gxh5 36. Rh4 Kg6 37. Rg1 Kg5 38. Rh3 h4 39. Kc3 Bf5 40.
Rh2 Bg4 41. Rhg2 Bf3 42. Rf2 Kg4 43. Rff1 h3 44. Re1 Rxe1 45. Rxe1 h2 46. Kd4 h1=Q 47.
Rxh1 Bxh1 48. Kc5 Bc6 49. Kb4 Ne4 50. b3 axb3 51. cxb3 Kf4 52. a4 Ke3 53. a5 Kd4 54. a6 bxa6 55. Ka3 Kc3 56. b4 Bb5 57. Ka2 Kxb4 58. Kb2 Be5+ 59. Ka2 Bc4+ 60. Kb1 Kc3 61. Kc1 Be2 62. Kb1 Kb3 63. Kc1 Bf4+ 64. Kb1 Bd3+ 65. Ka1 Be5# 0-1

[Event "Early-Titled-Tuesday-Blitz-October-10-2023"]
[Site "Chess.com"]
[Date "2023.10.10"]
[Round "10"]
[White "Cayse"]
[Black "Duhless"]
[Result "1-0"]
[WhiteElo "2860"]
[BlackElo "2929"]
[TimeControl "180+1"]
[EndTime "9:54:43 PDT"]
[Termination "Cayse won on time"]

1. e4 c6 2. Nf3 d5 3. d3 Bg4 4. h3 Bxf3 5. Qxf3 e6 6. g3 Nd7 7.
Bg2 Bd6 8. O-O Ne7 9. Qe2 h5 10. h4 Qb6 11. Nc3 d4 12. Nb1 Qc7 13. Nd2 g5 14. hxg5 h4 15. f4 hxg3 16. e5 Bc5 17. Ne4 Nf5 18. Qe1 O-O-O 19. Nxg3 Ne3 20. Bxe3 dxe3 21.
Ne2 Nxe5 22. fxe5 Qxe5 23. Qg3 Qxg3 24. Nxg3 e2+ 25. Rf2 Rdg8 26. Ne4 Bxf2+ 27. Kxf2 f5 28. gxf6 Rh2 29. Ng3 Rh6 30. Nxe2 Rxf6+ 31. Bf3 Rgf8 32.
Ng1 Rh6 33. Ke3 Rh2 34. Ne2 Rh3 35. Rf1 Kc7 36. Nf4 Rh6 37. Bg4 Kd6 38. Rf3 Rh4 39. Ne2 Rg8 40. Bh3 Rgh8 41. Bf1 Rh1 42. b3 R1h2 43. a4 R8h5 44. Ng3 Re5+ 45. Ne4+ Ke7 46. Be2 Rf5 47. Rf2 Rh3+ 48. Kd2 Rh1 49. Rg2 Rf7 50. Rg6 1-0

[Event "Early-Titled-Tuesday-Blitz-October-10-2023"]
[Site "Chess.com"]
[Date "2023.10.10"]
[Round "10"]
[White "emeli_chess"]
[Black "CSB7"]
[Result "0-1"]
[WhiteElo "2403"]
[BlackElo "2734"]
[TimeControl "180+1"]
[EndTime "9:54:43 PDT"]
[Termination "CSB7 won by resignation"]

1. d4 Nf6 2. c4 a6 3. Nc3 b5 4. e3 b4 5. Nce2 Bb7 6. f3 d6 7. Ng3 h5 8. Bd3 h4 9. Ne4 Nbd7 10. Nf2 g6 11. Ne2 Bg7 12. e4 e5 13. d5 Nh5 14.
Be3 a5 15. Bc2 Bh6 16. Bxh6 Rxh6 17. Ba4 Kf8 18. Bxd7 Qxd7 19. Qd2 Kg7 20. O-O-O Qe7 21. Kb1 Nf6 22. Nc1 Nd7 23. Ncd3 Rd8 24. Rc1 c5 25.
dxc6 Bxc6 26. Nd1 h3 27. g3 Qf6 28. Qe2 Nc5 29. Nxc5 dxc5 30. Ne3 Rhh8 31. Nd5 Qg5 32.
Rhd1 Rhf8 33. Qd2 Qxd2 34. Rxd2 f5 35. exf5 Rxf5 36. f4 exf4 37. gxf4 Bxd5 38. cxd5 Rdxd5 39. Rf2 Rd4 40. Rf3 c4 41. Rxh3 Rfxf4 42. Rg3 Rf2 43.
Rcg1 Rdd2 44. Rxg6+ Kf7 45. Rg7+ Ke8 46. Rg8+ Kd7 47. R1g6 Rxb2+ 48. Kc1 Rfc2+ 49. Kd1 Rd2+ 50. Kc1 Rxa2 51. R8g7+ Kd8 52. Rg8+ Kc7 53. R8g7+ Rd7 54. h4 c3 55. h5 b3 56. Rxd7+ Kxd7 0-1

[Event "Early-Titled-Tuesday-Blitz-October-10-2023"]
[Site "Chess.com"]
[Date "2023.10.10"]
[Round "10"]
[White "Druid24"]
[Black "SanchezKelvin"]
[Result "0-1"]
[WhiteElo "2715"]
[BlackElo "2611"]
[TimeControl "180+1"]
[EndTime "9:54:44 PDT"]
[Termination "SanchezKelvin won on time"]

1. e4 e5 2. Nf3 Nc6 3. Bc4 Bc5 4. c3 Nf6 5. d4 exd4 6. e5 d5 7. Bb5 Ne4 8. cxd4 Bb4+ 9. Nbd2 O-O 10. O-O Bg4 11.
Qa4 Bxd2 12. Nxd2 Nxd2 13. Bxd2 Ne7 14. h3 Be6 15. f4 a6 16. Bd3 Bf5 17. Qc2 Bxd3 18.
Qxd3 f5 19. Bb4 Qd7 20. g4 fxg4 21. Bxe7 Qxe7 22. hxg4 Qh4 23. Qf3 h5 24. gxh5 Rf5 25. Kg2 Raf8 26. Qg3 Rxf4 27. Qxh4 Rxh4 28. Rxf8+ Kxf8 29. Rf1+ Ke7 30. Rd1 Rxh5 31. Kg3 Ke6 32. Rd2 b6 33.
Kg4 Rh1 34. Kf4 Rh4+ 35. Kg5 Re4 36. b4 c5 37. bxc5 bxc5 38. dxc5 Rxe5+ 39. Kg6 Re4 40. Kxg7 Rc4 41. Rb2 d4 42. Rb6+ Kd5 43. Rxa6 Rxc5 44. Ra8 d3 45. Kf6 Ke4 46. Re8+ Kd4 47. Re1 d2 48. Rh1 Rc1 49. Rh4+ Kc5 50. Rh5+ Kc6 51. Rh6 d1=Q 52. Kg7+ Kb7 53. Rg6 Rc7+ 0-1

[Event "Early-Titled-Tuesday-Blitz-October-10-2023"]
[Site "Chess.com"]
[Date "2023.10.10"]
[Round "10"]
[White "Ural_bogatyr"]
[Black "Kirill_Klukin"]
[Result "0-1"]
[WhiteElo "2531"]
[BlackElo "2664"]
[TimeControl "180+1"]
[EndTime "9:54:44 PDT"]
[Termination "Kirill_Klukin won on time"]

1. d4 f5 2. Nf3 e6 3. c4 Nf6 4. g3 c6 5. Bg2 d5 6. O-O Bd6 7.
Nc3 O-O 8. Qc2 Qe7 9. Rd1 Ne4 10. Ne5 b6 11. cxd5 exd5 12. Nxe4 Bxe5 13. Bg5 Qe6 14. Nc3 Bd6 15. a3 Bb7 16. b4 a6 17. Rd3 Nd7 18. Re3 Qf7 19. Rd1 Rfe8 20. Rxe8+ Rxe8 21. Rd3 h6 22. Bf4 Bxf4 23. gxf4 Nf6 24.
Rg3 Ne4 25. Nxe4 fxe4 26. e3 Qf6 27. Bh3 Bc8 28. Bxc8 Rxc8 29. Qe2 Ra8 30. Qh5 Kh7 31. f5 Rf8 32. Rg6 Qf7 33. Kg2 Qd7 34. f4 Rxf5 35. Qg4 Kh8 36. Kf2 a5 37. Rxg7 Rxf4+ 38. Qxf4 Qxg7 39.
Qb8+ Kh7 40. Qxb6 axb4 41. Qxb4 Qf6+ 42. Ke1 Qh4+ 43. Kd1 Qg4+ 44. Ke1 Qg1+ 45. Ke2 Qxh2+ 46. Ke1 Qg1+ 47. Ke2 Qg2+ 48. Ke1 Qf3 49. Qe7+ Kg6 50. Qe6+ Kg5 0-1

[Event "Early-Titled-Tuesday-Blitz-October-10-2023"]
[Site "Chess.com"]
[Date "2023.10.10"]
[Round "10"]
[White "Josgar05"]
[Black "Jojo_898"]
[Result "1-0"]
[WhiteElo "2297"]
[BlackElo "2378"]
[TimeControl "180+1"]
[EndTime "9:54:44 PDT"]
[Termination "Josgar05 won on time"]

1. d4 Nf6 2. Nf3 g6 3. c4 b6 4. Nc3 Bb7 5. g3 Bg7 6. Bg2 O-O 7. O-O c5 8. d5 e6 9. a4 exd5 10. cxd5 d6 11. Re1 Nbd7 12. Bf4 Qe7 13. e4 Ng4 14.
Qc2 Ba6 15. Rad1 Nge5 16. h3 h6 17. Kh2 Qf6 18. Nxe5 Nxe5 19. b3 Nd3 20. Rxd3 Bxd3 21. Qxd3 Qxc3 22. Qd1 Rad8 23. Bf1 g5 24. Be3 f5 25. exf5 Rxf5 26. Be2 Rdf8 27. Rf1 Be5 28.
Bg4 R5f6 29. Be6+ Kg7 30. Qe2 Qxb3 31. h4 Rf3 32. hxg5 Bxg3+ 33. Kg2 hxg5 34. Bg4 Rxf2+ 35. Rxf2 Bxf2 36. Bxf2 Qxd5+ 37. Bf3 Qxf3+ 38. Qxf3 Rxf3 39. Kxf3 Kf6 40. Ke4 Ke6 41. Bg3 d5+ 42. Kd3 a6 43. Bf2 Kd6 44. Bg3+ Kc6 45. Bf2 d4 46. Ke4 b5 47. a5 b4 48. Be1 Kb5 49. Kd3 1-0

[Event "Early-Titled-Tuesday-Blitz-October-10-2023"]
[Site "Chess.com"]
[Date "2023.10.10"]
[Round "10"]
[White "LeninGuerra"]
[Black "Virgo15"]
[Result "1/2-1/2"]
[WhiteElo "2609"]
[BlackElo "2731"]
[TimeControl "180+1"]
[EndTime "9:54:45 PDT"]
[Termination "Game drawn - insufficient material"]

1. e4 e6 2. d4 d5 3. Nd2 a6 4. c4 dxe4 5. Nxe4 Nf6 6. Nxf6+ Qxf6 7. Nf3 Bb4+ 8. Bd2 Bxd2+ 9. Qxd2 O-O 10. Bd3 Nc6 11. O-O e5 12. dxe5 Nxe5 13. Nxe5 Qxe5 14.
Rfe1 Qf6 15. Qc2 g6 16. Be4 c6 17. Rad1 Be6 18. b3 Rad8 19. g3 Bg4 20. Rxd8 Rxd8 21. Bg2 Kg7 22. h3 Bf5 23. Qe2 h5 24. Qe7 Qxe7 25. Rxe7 Rd1+ 26. Kh2 Rd2 27. Kg1 Rd1+ 28. Kh2 Rd7 29. Re8 Rd2 30. Kg1 Rxa2 31. Rb8 Ra1+ 32. Kh2 Ra2 33. Kg1 b5 34. Bxc6 bxc4 35. bxc4 Be6 36. Bd5 Bxd5 37. cxd5 Kf6 38. Rb6+ Ke5 39.
d6 Ke6 40. Kg2 a5 41. Ra6 a4 42. Kf3 a3 43. h4 Ra1 44. Kf4 f6 45. d7+ Kxd7 46.
Rxf6 Rf1 47. Ra6 Rxf2+ 48. Kg5 Rf3 49. Kxg6 Rxg3+ 50. Kxh5 Kc7 51. Kh6 Kb7 52. Ra4 Kb6 53. h5 Rc3 54. Kg6 Kb5 55. Ra8 Rc6+ 56. Kg7 Ra6 57.
Rxa6 Kxa6 58. h6 a2 59. h7 a1=Q+ 60. Kg8 Qg1+ 61. Kh8 Qf2 62. Kg8 Qg3+ 63. Kh8 Qf4 64. Kg8 Qf5 65. h8=Q Qc8+ 66. Kh7 Qxh8+ 67. Kxh8 1/2-1/2

[Event "Early-Titled-Tuesday-Blitz-October-10-2023"]
[Site "Chess.com"]
[Date "2023.10.10"]
[Round "10"]
[White "JSlaby"]
[Black "MatthewG-p4p"]
[Result "0-1"]
[WhiteElo "2584"]
[BlackElo "2805"]
[TimeControl "180+1"]
[EndTime "9:54:45 PDT"]
[Termination "MatthewG-p4p won by resignation"]

1. e4 e6 2. d4 d5 3. Nc3 Bb4 4. e5 Ne7 5. Bd2 b6 6. Nce2 Bxd2+ 7. Qxd2 c5 8. c3 O-O 9. Nf3 Ba6 10. h4 Nbc6 11.
Nf4 Bxf1 12. Kxf1 Qd7 13. g3 f6 14. Re1 cxd4 15. cxd4 fxe5 16. Nxe5 Nxe5 17. Rxe5 Nc6 18. Rxe6 Rxf4 19. Rxc6 Rf3 20. Rc3 Qf5 21. Kg2 Rf8 22. Rf1 Qe4 23. Kg1 h6 24. Re1 Qg4 25. Rxf3 Rxf3 26. Re5 Rf5 27. Re8+ Rf8 28. Re3 Qf5 29. a3 Qb1+ 30. Kg2 Qf5 31. Qe2 Kh8 32. Re5 Qf7 33. Qe3 Qf6 34. h5 Qc6 35. Re6 Qc2 36.
Re5 Qc6 37. b3 a5 38. a4 Qc2 39. Rxd5 Qc6 40. Qe4 Re8 41. Qf3 Qc2 42. Re5 Rd8 43. Re2 Qc7 44. Rd2 Qd6 45. d5 Qb4 46. Rd3 Qd6 47.
Qe4 Qc5 48. Qd4 Qd6 49. Qf4 Qc5 50. d6 Qc6+ 51. Kh2 Qc2 52. Qf3 Qc5 53. Rd5 Qc6 54. Qd3 Qd7 55. Kg2 Qc6 56. f3 Qd7 57. g4 Kg8 58.
Qc4 Kh8 59. Qe4 Qc6 60. Qe5 Qc2+ 61. Kg3 Qb1 62. d7 Qg1+ 63. Kh3 Qh1+ 64. Qh2 Qxf3+ 0-1

[Event "Early-Titled-Tuesday-Blitz-October-10-2023"]
[Site "Chess.com"]
[Date "2023.10.10"]
[Round "10"]
[White "Efremov_Vlad"]
[Black "Doomfist26"]
[Result "0-1"]
[WhiteElo "2380"]
[BlackElo "2634"]
[TimeControl "180+1"]
[EndTime "9:54:45 PDT"]
[Termination "Doomfist26 won by resignation"]

1. e4 e6 2. d4 d5 3. e5 c5 4. c3 Nc6 5. Nf3 Bd7 6. Be2 f6 7. O-O fxe5 8. Nxe5 Nxe5 9. dxe5 Qc7 10. c4 d4 11. Bd3 O-O-O 12. Re1 Nh6 13. Nd2 Nf7 14. Nf3 Be7 15. h4 Rdg8 16. b4 g5 17.
hxg5 Nxg5 18. Bxg5 Bxg5 19. bxc5 Be7 20. Be4 Bxc5 21.
Rb1 Bc6 22. Qd3 Rg4 23. Rb5 Bxb5 24. cxb5 Kb8 25. Rc1 Qb6 26. a4 Be7 27. Nd2 Qa5 28.
Bf3 Rg7 29. Nb3 Qxa4 30. Ra1 Qb4 31. Na5 Bd8 32. Nc4 Qc3 33. Qf1 Qxf3 34. Ra3 Qd5 35.
Nd6 Qxe5 36. Nc4 Qc5 37. Qd3 Rhg8 38. g3 Bc7 39. b6 Bxb6 40. Rb3 Bc7 41. Qe4 Qd5 42.
Qe2 Bxg3 43. fxg3 Rxg3+ 44. Rxg3 Rxg3+ 45. Kh2 Rg5 46. Nd2 Rh5+ 47. Kg3 Qg5+ 0-1

[Event "Early-Titled-Tuesday-Blitz-October-10-2023"]
[Site "Chess.com"]
[Date "2023.10.10"]
[Round "10"]
[White "FERNANDEZL1983"]
[Black "lamomiajunior"]
[Result "0-1"]
[WhiteElo "2504"]
[BlackElo "2694"]
[TimeControl "180+1"]
[EndTime "9:54:46 PDT"]
[Termination "lamomiajunior won on time"]

1. d4 Nf6 2. Bf4 d5 3. e3 c5 4. c3 Nc6 5. Nd2 Bf5 6. Ngf3 e6 7. Bb5 Qb6 8. Qa4 Nd7 9. Ne5 Ndxe5 10. Bxe5 f6 11.
dxc5 Bxc5 12. Bd4 O-O 13. Bxc6 bxc6 14. Nb3 Bxd4 15. Qxd4 e5 16. Qc5 Bc2 17. Kd2 Bg6 18. Qxb6 axb6 19. a4 c5 20. Ra3 c4 21. Na1 Be8 22.
Nc2 Rxa4 23. Rha1 Rxa3 24. Rxa3 Bg6 25. Nb4 Rd8 26. Ra7 Be8 27. Rb7 b5 28. f3 Kf8 29.
g4 d4 30. cxd4 exd4 31. exd4 Rxd4+ 32. Ke3 Rd1 33. Na6 Rd3+ 34. Ke2 Bc6 35. Rb8+ Kf7 36. f4 Bf3+ 37. Kf2 Bxg4 38. Rxb5 c3 39. bxc3 Rxc3 40. Rb7+ Kg6 41. Nc7 Bc8 42. Ra7 Rd3 43. Ne8 Bd7 44. Nc7 Kf5 45. Ke2 Rd6 46. Ke3 h5 47. Na6 g5 48. Nc5 gxf4+ 49. Ke2 Bb5+ 50. Kf3 Bc6+ 51. Ke2 Rd5 52. Nd3 Bb5 0-1

[Event "Early-Titled-Tuesday-Blitz-October-10-2023"]
[Site "Chess.com"]
[Date "2023.10.10"]
[Round "10"]
[White "Cambek64"]
[Black "Witty_Alien"]
[Result "1-0"]
[WhiteElo "2418"]
[BlackElo "2235"]
[TimeControl "180+1"]
[EndTime "9:54:47 PDT"]
[Termination "Cambek64 won by checkmate"]

1. e4 a6 2. d4 e6 3. f3 Nf6 4. c3 b6 5. Bd3 Bb7 6. Be3 d5 7.
e5 Nfd7 8. Nd2 c5 9. f4 c4 10. Bc2 g6 11. Ne2 h5 12. Nf3 Nc6 13. g3 b5 14. h3 b4 15. Kf2 a5 16. g4 a4 17.
a3 b3 18. Bb1 hxg4 19. hxg4 Rxh1 20. Qxh1 Qe7 21. f5 Bg7 22. Qh7 exf5 23. gxf5 Bxe5 24. fxg6 O-O-O 25. dxe5 Ncxe5 26. Nxe5 Nxe5 27. Bf5+ Kb8 28. Nd4 Qf6 29. g7 Ka7 30. g8=Q Nd3+ 31. Ke2 Rxg8 32. Qxg8 Nxb2 33. Nc6+ Ka6 34. Nd4 Nd3 35. Rf1 Qh4 36.
Qg2 Qh8 37. Bg4 b2 38. Bg5 Qh7 39. Kd2 Nc1 40. Rxc1 Qd3+ 41. Ke1 b1=Q 42. Rxb1 Qxb1+ 43. Bd1 Bc8 44. Qc2 Qa1 45. Qxa4+ Kb7 46. Qb5+ Ka7 47. Nc6+ Ka8 48. Qb8# 1-0

[Event "Early-Titled-Tuesday-Blitz-October-10-2023"]
[Site "Chess.com"]
[Date "2023.10.10"]
[Round "10"]
[White "bazar-wokzal"]
[Black "RETURNOFTHELAGGER"]
[Result "1-0"]
[WhiteElo "2561"]
[BlackElo "2676"]
[TimeControl "180+1"]
[EndTime "9:54:48 PDT"]
[Termination "bazar-wokzal won by resignation"]

1. e4 c5 2. c3 g6 3. d4 cxd4 4. cxd4 d5 5. e5 Nc6 6. Nc3 Bg7 7. Bf4 f6 8. Bb5 fxe5 9. dxe5 e6 10. Nf3 Ne7 11.
Qd2 O-O 12. O-O-O a6 13. Bd3 Nf5 14. h4 h5 15. Kb1 b5 16. Ne2 Qa5 17. Qxa5 Nxa5 18.
Bxf5 Rxf5 19. Nfd4 Rf8 20. b3 Bd7 21. Rc1 Rac8 22.
Bg3 Nc6 23. f4 Bh6 24. Nxc6 Rxc6 25. Rxc6 Bxc6 26. Rc1 Rc8 27. Bf2 Kf7 28. g3 Bf8 29.
Kb2 Bb7 30. Rxc8 Bxc8 31. a3 Be7 32. b4 Bd7 33. Bc5 Bd8 34. Kc3 Bc8 35. Kd4 Bd7 36.
Ba7 Be7 37. Nc1 Bc6 38. Nb3 Ke8 39. Na5 Kd7 40. Bc5 Bd8 41. Nb3 Bb7 42. Ba7 Be7 43. Na5 Bc6 44. Bb6 Ba8 45. Nb3 Bc6 46. Bc5 Bd8 47. Ke3 Ba8 48. Nd4 Bc6 49. Nf3 Bb7 50. Kd3 Bc6 51. Bf2 Bb7 52. Nh2 Bc6 53. g4 hxg4 54.
Nxg4 Ke8 55. Nf6+ Bxf6 56. exf6 Kf7 57. Bd4 Be8 58. Be5 Kg8 59. Kd4 Kh7 60. Kc5 Kh6 61. Kd6 Kh5 62. Kxe6 Kxh4 63. f7 1-0

[Event "Early-Titled-Tuesday-Blitz-October-10-2023"]
[Site "Chess.com"]
[Date "2023.10.10"]
[Round "10"]
[White "Irina_Mikhaylova"]
[Black "noblerone"]
[Result "0-1"]
[WhiteElo "2305"]
[BlackElo "2455"]
[TimeControl "180+1"]
[EndTime "9:54:48 PDT"]
[Termination "noblerone won by checkmate"]

1. d4 d5 2. Nf3 Nf6 3. c4 c6 4. cxd5 cxd5 5. Nc3 Nc6 6. Bf4 a6 7. Rc1 Bf5 8. e3 e6 9. Bd3 Bxd3 10. Qxd3 Bd6 11. Bg3 O-O 12. O-O Rc8 13. Na4 Ne4 14.
Bxd6 Qxd6 15. Nc5 Nxc5 16. dxc5 Qe7 17. a3 Rfd8 18. b4 e5 19. Qb3 d4 20. e4 g6 21.
Nd2 Qh4 22. Nc4 Rc7 23. Nd6 Rcd7 24. b5 axb5 25. Qxb5 d3 26. Qxd3 Nd4 27. Kh1 b6 28.
Qg3 Qxg3 29. hxg3 bxc5 30. Nc4 f6 31. Ne3 Ra7 32. Rxc5 Rxa3 33. Nd5 Ra6 34. Rc7 Ne6 35. Re7 Ng5 36. Re1 Nxe4 37. Rxe4 Rxd5 38. Rc4 Rd8 39.
Rcc7 f5 40. Rg7+ Kh8 41. Rxh7+ Kg8 42. Rcg7+ Kf8 43. Rb7 Kg8 44. Kh2 Rda8 45. Rbg7+ Kf8 46. Rb7 Kg8 47. Rhg7+ Kh8 48. g4 fxg4 49. Rxg6 Rxg6 50. Kg3 Ra3+ 51. Kh4 Ra2 52. Kg3 Rf6 53. Kxg4 Raxf2 54. g3 Rg6+ 55. Kh4 Rh2# 0-1

[Event "Early-Titled-Tuesday-Blitz-October-10-2023"]
[Site "Chess.com"]
[Date "2023.10.10"]
[Round "10"]
[White "GothamChess"]
[Black "Amirreza_p"]
[Result "0-1"]
[WhiteElo "2746"]
[BlackElo "2623"]
[TimeControl "180+1"]
[EndTime "9:54:49 PDT"]
[Termination "Amirreza_p won by resignation"]

1. e4 e6 2. b3 d5 3. Bb2 dxe4 4. Nc3 Nf6 5. Qe2 Be7 6. O-O-O O-O 7. g4 a5 8. a4 Nc6 9. g5 Nd4 10. Qe1 Nd5 11.
Qxe4 Nb4 12. Nf3 Nbxc2 13. Bd3 g6 14. Bxc2 Nxc2 15. Kxc2 Bxg5 16. Nxg5 Qxg5 17. h4 Qc5 18. h5 e5 19. hxg6 fxg6 20. Qd5+ Qxd5 21. Nxd5 Rxf2 22.
Bxe5 Bf5+ 23. Kc3 h5 24. Nxc7 Rd8 25. Bd4 Rf4 26. Nb5 h4 27. Rdf1 Rxf1 28. Rxf1 h3 29. Rf2 Kf7 30. Be5 Rc8+ 31. Kd4 Rc1 32. Nd6+ Ke6 33. Nxf5 gxf5 34. Bf4 Rg1 35. Re2+ Kf6 36. Kc5 Rg4 37. Be5+ Kg5 38. Re3 Rh4 39. d4 f4 40.
Re1 h2 41. Rh1 Kg4 42. d5 Kg3 43. d6 Rh7 44. Bxf4+ Kxf4 45. Rf1+ Ke5 46. Re1+ Kf6 47. Rh1 Ke6 48. Re1+ Kd7 49. Rh1 Rh3 50. Kb5 Rxb3+ 51. Kxa5 Rb2 52. Rf1 Kxd6 53. Rb1 b6+ 0-1

[Event "Early-Titled-Tuesday-Blitz-October-10-2023"]
[Site "Chess.com"]
[Date "2023.10.10"]
[Round "10"]
[White "kirillshevchenko"]
[Black "Iball95"]
[Result "0-1"]
[WhiteElo "2968"]
[BlackElo "2829"]
[TimeControl "180+1"]
[EndTime "9:54:50 PDT"]
[Termination "Iball95 won by resignation"]

1. c4 e6 2. g3 d5 3. Bg2 Nf6 4.
Nf3 c5 5. O-O Nc6 6. cxd5 exd5 7. d4 Be7 8. dxc5 Bxc5 9. a3 a5 10. Nc3 O-O 11. Bf4 Re8 12. Rc1 Bb6 13. Nb5 Ne4 14. Nd2 Nxf2 15. Rxf2 Bxf2+ 16. Kh1 Be3 17. Bc7 Qf6 18. Rc3 d4 19. Rc5 Bxd2 20. Qxd2 Qf2 21.
Rc2 Bf5 22. e4 dxe3 23. Qxf2 exf2 24. Rxf2 Re1+ 25. Rf1 Rxf1+ 26. Bxf1 Re8 27. Kg1 Re1 28. Kf2 Rb1 29. Nd6 Rxb2+ 30. Ke3 Be6 31. h4 Rb3+ 32. Kf4 Rxa3 33. Nxb7 Ra1 34. Bb5 Nd4 35. Bd3 Rd1 36.
Ke3 a4 37. Kxd4 Bf5 38. Nc5 a3 39. Be5 a2 40. Ke3 Bxd3 41. Nxd3 a1=Q 42. Bxa1 Rxa1 43. g4 Ra3 44. Ke4 Ra4+ 45. Kf3 f6 46. Nf4 Kf7 47. h5 Ra3+ 48. Kf2 g5 49. hxg6+ hxg6 50.
Nd5 g5 51. Ne3 Ke6 52. Ke2 Rc3 53. Kd2 Rxe3 54. Kxe3 Ke5 0-1

[Event "Early-Titled-Tuesday-Blitz-October-10-2023"]
[Site "Chess.com"]
[Date "2023.10.10"]
[Round "10"]
[White "HanSchut"]
[Black "Quattroporte300"]
[Result "1-0"]
[WhiteElo "2358"]
[BlackElo "2369"]
[TimeControl "180+1"]
[EndTime "9:54:50 PDT"]
[Termination "HanSchut won by resignation"]

1. e4 c5 2. Nf3 Nc6 3. d4 cxd4 4. Nxd4 Nf6 5. Nc3 d6 6. Bg5 e6 7. Qd2 a6 8. O-O-O Bd7 9. f4 h6 10. Bxf6 gxf6 11. f5 h5 12. Kb1 Bh6 13. Qf2 Qe7 14. Be2 O-O-O 15. Bxh5 Ne5 16. Be2 Kb8 17. Rhf1 Bg5 18.
g3 Rh3 19. Nf3 Rdh8 20. Nxe5 Rxh2 21. Nxd7+ Qxd7 22. Qb6 Rc8 23. Qxd6+ Qxd6 24. Rxd6 Rxc3 25. bxc3 Rxe2 26. fxe6 fxe6 27. Rxe6 Re3 28. e5 fxe5 29. Rf5 Re1+ 30. Kb2 Bc1+ 31. Kb3 Re3 32. Rexe5 Rxg3 33. Rf7 Bd2 34. Rc5 Rg6 35. a4 Be3 36. Rc4 a5 37. Re4 Rb6+ 38. Kc4 Rc6+ 39. Kd3 Bc1 40. Ree7 Rb6 41. c4 Ba3 42. Re5 Ra6 43. Rb5 Rd6+ 44. Ke4 b6 45. Rd5 Re6+ 46. Kf5 Re8 47. Rdd7 Bc5 48.
Rb7+ Ka8 49. Ra7+ Kb8 50. Rfb7+ Kc8 51. Ra8+ Kxb7 52. Rxe8 Kc6 53. Re6+ Kc7 54. Ke4 Bf2 55. Kd5 Bh4 56. Rh6 Bf2 57. Rh7+ Kd8 58. Kc6 Ke8 59.
Rb7 Be3 60. Rxb6 1-0

[Event "Early-Titled-Tuesday-Blitz-October-10-2023"]
[Site "Chess.com"]
[Date "2023.10.10"]
[Round "10"]
[White "Orest_Vovk"]
[Black "GeorgiosSouleidis"]
[Result "1-0"]
[WhiteElo "2540"]
[BlackElo "2632"]
[TimeControl "180+1"]
[EndTime "9:54:51 PDT"]
[Termination "Orest_Vovk won by resignation"]

1. h4 d5 2. h5 e5 3. h6 Nxh6 4. d4 e4 5. Bxh6 gxh6 6. e3 Bg7 7. c4 c6 8. Qb3 O-O 9. Nc3 dxc4 10. Bxc4 Qe7 11.
Nh3 b5 12. Be2 a5 13. Nf4 a4 14. Qc2 Re8 15. a3 Nd7 16. Rh5 Nb6 17. Rd1 b4 18. axb4 Qxb4 19. Kf1 Qb3 20. Qxb3 axb3 21. Rc5 Bd7 22.
Bc4 Nxc4 23. Rxc4 Ra5 24. Rb4 Rea8 25. Rxb3 Ra1 26. Rxa1 Rxa1+ 27. Ke2 Bg4+ 28. f3 exf3+ 29.
gxf3 Bd7 30. Rb8+ Bf8 31. Nh5 Be6 32. Ne4 f5 33. Nc5 Bc4+ 34. Kd2 Kf7 35. Rb7+ Kg6 36. Nf4+ Kg5 37. Nce6+ Bxe6 38. Nxe6+ Kh4 39. Nxf8 Kg3 40. Rxh7 Kxf3 41. Rxh6 Ra2 42. Rxc6 Rxb2+ 43. Rc2 Rb8 44. Ne6 Rh8 45. Nf4 Ke4 46. Rc5 Rh2+ 47. Ne2 Rh5 48.
Re5+ Kf3 49. d5 Kg4 50. d6 Rh6 51. Rd5 Rh8 52. d7 Rd8 53. Nf4 Kg5 54. Ne6+ 1-0

[Event "Early-Titled-Tuesday-Blitz-October-10-2023"]
[Site "Chess.com"]
[Date "2023.10.10"]
[Round "10"]
[White "mapleaff"]
[Black "Mr_Lion22"]
[Result "0-1"]
[WhiteElo "2381"]
[BlackElo "2505"]
[TimeControl "180+1"]
[EndTime "9:54:53 PDT"]
[Termination "Mr_Lion22 won by resignation"]

1. e4 c5 2. Nf3 d6 3. Bb5+ Nd7 4.
O-O a6 5. Bxd7+ Bxd7 6. Re1 Nf6 7. Nc3 g6 8. d4 cxd4 9. Nxd4 Bg7 10. Bg5 O-O 11. Qf3 Rc8 12. Rad1 h6 13. Bxf6 Bxf6 14. Nd5 Bg7 15. c3 e6 16. Ne3 Qb6 17. Nb3 a5 18. e5 Bxe5 19. Ng4 Bg7 20. Qf4 e5 21. Nf6+ Bxf6 22.
Qxf6 Be6 23. h4 h5 24. Nd2 Qxb2 25. Ne4 d5 26. Ng5 Rc6 27. Qxe5 Qxc3 28. Qf4 Bf5 29. Re3 Qc4 30. Rd4 Qc1+ 31. Kh2 Rc4 32. Nf3 Rxd4 33.
Nxd4 Qc4 34. Kg3 Be4 35. f3 Qxd4 36. fxe4 dxe4 37. Rxe4 Qc3+ 38. Re3 Qb2 39. Qf2 Qxf2+ 40. Kxf2 Rb8 41. Rb3 b5 42. Ke3 b4 43. a3 Kg7 44.
Kd4 f5 45. Kc5 Kf6 46. Kc6 Rc8+ 47. Kd7 Rc3 48. Rb1 Rxa3 0-1

[Event "Early-Titled-Tuesday-Blitz-October-10-2023"]
[Site "Chess.com"]
[Date "2023.10.10"]
[Round "10"]
[White "queen_iryna"]
[Black "stepanosinovsky"]
[Result "0-1"]
[WhiteElo "2319"]
[BlackElo "2385"]
[TimeControl "180+1"]
[EndTime "9:54:54 PDT"]
[Termination "stepanosinovsky won by checkmate"]

1. e4 e5 2. Nf3 Nc6 3. Bb5 a6 4. Ba4 Nf6 5. d3 b5 6. Bb3 Be7 7. O-O O-O 8. a3 d5 9. exd5 Nxd5 10. h3 Bb7 11. Re1 Nd4 12. Nxd4 exd4 13. Nd2 c5 14. Nf3 Rc8 15. Bxd5 Bxd5 16. Bf4 g5 17. Bg3 f6 18. h4 g4 19. Nh2 f5 20. Be5 Bxh4 21. Qd2 Rc6 22.
Re2 Re6 23. Rae1 Bc6 24. Bf4 Qd5 25. f3 Bxe1 26. Qxe1 Rxe2 27. Qxe2 Re8 28. Qd2 Qe6 29.
Kf2 h5 30. fxg4 fxg4 31. Nf1 Rf8 32. Kg1 h4 33. Bh6 Rf5 34. Bf4 Qd5 35. Bc7 h3 36.
Ng3 Rf7 37. Bf4 Qxg2+ 38. Qxg2 hxg2 39. Nh5 Kh7 40. Ng3 Kg6 41. Be5 Rd7 42. Bf4 Bf3 43.
Kf2 c4 44. dxc4 bxc4 45. Bd2 Rb7 46. b4 cxb3 47. cxb3 Rxb3 48. Bf4 Rxa3 49. Be5 Ra2+ 50. Kg1 d3 51. Bc3 Rc2 52. Ba5 Rc1+ 53. Kf2 g1=Q# 0-1